 Dungeon Crawl Stone Soup version 0.21.0-3-g78d12a8 (webtiles) character file.

11654 dobroeutro the Carver (level 11, 0/90 HPs)
             Began as a Demonspawn Fighter on Jan 11, 2018.
             Was a High Priest of Okawaru.
             Slain by a red ugly thing (16 damage)
             ... on level 11 of the Dungeon on Jan 12, 2018.
             The game lasted 00:16:27 (8823 turns).

dobroeutro the Carver (Demonspawn Fighter)          Turns: 8823, Time: 00:16:27

Health: 0/90       AC: 10    Str: 19    XL:     11   Next: 52%
Magic:  11/11      EV: 12    Int:  9    God:    Okawaru [*****.]
Gold:   892        SH: 10    Dex: 14    Spells: 10/10 levels left

rFire    . . .     SeeInvis .   N - +4 scimitar (flame)
rCold    . . .     Gourm    .   c - +1 shield
rNeg     . . .     Faith    .   b - +0 scale mail
rPois    .         Spirit   .   (no helmet)
rElec    .         Reflect  .   D - +0 cloak
rCorr    +         Harm     .   q - +0 pair of gloves
MR       .....                  (no boots)
Stlth    ..........             e - amulet of rage
HPRegen  0.25/turn              F - ring of resist corrosion
MPRegen  0.12/turn              (no ring)

@: berserk cooldown, slowed, drained, very slow
A: hooves 2, repulsion field 1, powered by death 2
a: Heroism, Finesse, Renounce Religion, Evoke Berserk Rage


You were on level 11 of the Dungeon.
You worshipped Okawaru.
Okawaru was extremely pleased with you.
You were very hungry.

You visited 2 branches of the dungeon, and saw 12 of its levels.

You collected 892 gold pieces.

Inventory:

Hand Weapons
 a - a +1 long sword
 J - a cursed +2 scimitar
 N - a +4 scimitar of flaming (weapon)
Armour
 b - a +0 scale mail (worn)
 c - a +1 shield (worn)
 q - a +0 pair of gloves (worn)
 D - a +0 cloak (worn)
Jewellery
 e - an amulet of rage (around neck)
 F - a ring of resist corrosion (left hand)
 O - an uncursed amulet of harm {unknown}
Wands
 l - a wand of disintegration (9)
 v - a wand of polymorph (7)
 B - a wand of paralysis (10)
 H - a wand of flame (14)
 I - a wand of random effects (82)
 L - a wand of acid (11)
 M - a wand of iceblast (9)
Scrolls
 h - 8 scrolls of teleportation
 i - a scroll of enchant weapon
 j - 6 scrolls of remove curse
 k - 3 scrolls of magic mapping
 o - 8 scrolls of identify
 p - a scroll of fog
 u - 2 scrolls of amnesia
 y - 2 scrolls of fear
 E - a scroll of enchant armour
 K - a scroll of blinking
Potions
 d - a potion of might
 g - a potion of brilliance
 m - 5 potions of lignification
 r - 6 potions of haste
 s - 3 potions of curing
 t - 4 potions of degeneration
 w - 3 potions of flight
 x - a potion of magic
 z - a potion of ambrosia
 A - a potion of agility
 C - a potion of cancellation
 G - a potion of invisibility
Comestibles
 f - 22 rations


   Skills:
 + Level 9.8(9.5) Fighting
 * Level 12.0(11.7) Long Blades
 + Level 6.5(6.2) Armour
 + Level 5.7(5.4) Dodging
 - Level 2.6(2.4) Shields


You had 10 spell levels left.
You didn't know any spells.

Dungeon Overview and Level Annotations

Branches:
Dungeon (11/15)            Temple (1/1) D:6            Lair (0/6) D:8
    Orc (0/2) D:10

Altars:
Cheibriados
Dithmenos
Elyvilon
Fedhas
Gozag
Hepliaklqana
Kikubaaqudgha
Makhleb
Okawaru
Qazlal
Ru
Sif Muna
Trog
Uskayaw
Vehumet
Wu Jian
Xom
Yredelemnul
Zin
The Shining One

Shops:
D:4 :   D:8 (

Annotations:
D:3 2 transporters


Innate Abilities, Weirdness & Mutations

You have hoof-like feet.
You are surrounded by a mild repulsion field. (EV +2)
You regenerate health from kills.


Message History

You block the red ugly thing's attack.
Things that are here:
a flail; a robe x2
The red ugly thing trunk-slaps you.
You are engulfed in flames!!
Okay, then.
You feel much better. The red ugly thing trunk-slaps you.
You are engulfed in flames!
You are feeling very hungry.
The red ugly thing trunk-slaps you.
You are engulfed in flames!!
* * * LOW HITPOINT WARNING * * *
Things that are here:
a dagger of venom; a robe; an orc corpse The centaur warrior zombie hits you.
* * * LOW HITPOINT WARNING * * *
There is a stone staircase leading up, spattered with blood here.
Unknown command.
The red ugly thing trunk-slaps you.
* * * LOW HITPOINT WARNING * * *
You are engulfed in flames!
You die...

########
#######..##..##########
#..............##.....#
#.....@uZ...##(#.......
#......W.....#a....?...
###......)...#..ua...<.
.....##......#.........
###.##..#.#..#.>.......
#.##..#.##)##........
#...............$....
.##.....#.(#........ #
......##..........


You could see a red ugly thing, a hungry ghost and a centaur warrior zombie.

Vanquished Creatures
  Erica (D:10)
  4 two-headed ogres
  Pikel (D:9)
  An ugly thing (D:10)
  A troll (D:10)
  Grinder (D:5)
  5 hippogriffs
  4 hogs (D:7)
  A wyvern (D:8)
  A human (D:7)
  4 yaks (D:9)
  Eustachio (D:5)
  2 hungry ghosts
  3 wargs
  Menkaure (D:6)
  Edmund (D:4)
  A two-headed ogre zombie (D:10)
  A phantom (D:10)
  2 orc warriors
  A sky beast (D:10)
  An ogre (D:7)
  5 centaurs
  7 big kobolds
  6 bullfrogs
  A wyvern zombie (D:6)
  4 scorpions
  2 troll zombies (D:10)
  The ghost of dobroeutro the Slasher, a weakling DsFi (D:3)
  6 wights
  2 crimson imps (D:6)
  2 quasits
  4 jellies
  2 hounds (D:9)
  9 orc wizards
  5 orc priests
  3 bullfrog skeletons
  3 centaur skeletons
  An iguana (D:6)
  8 worker ants
  5 ogre zombies (D:10)
  A hound skeleton (D:9)
  4 gnolls (D:4)
  5 adders
  2 shadow imps
  2 oozes (D:1)
  2 adder zombies (D:5)
  2 adder skeletons
  4 worms
  A dart slug (D:2)
  10 leopard geckos
  15 orcs
  3 ball pythons
  2 giant cockroaches
  5 goblins
  9 hobgoblins
  8 jackals
  4 quokkas
  7 bats
  2 frilled lizards (D:2)
  A goblin skeleton (D:10)
  5 goblin zombies (D:10)
  A hobgoblin skeleton (D:10)
  8 hobgoblin zombies (D:10)
  56 kobolds
  A leopard gecko skeleton (D:5)
  4 orc skeletons (D:10)
  6 orc zombies (D:10)
  6 rats
290 creatures vanquished.

Vanquished Creatures (others)
  A bullfrog skeleton (D:9)
  A worker ant (D:9)
2 creatures vanquished.

Grand Total: 292 creatures vanquished

Notes
Turn   | Place    | Note
-------+----------+-------------------------------------------
     0 | D:1      | dobroeutro the Demonspawn Fighter began the quest for the Orb.
     0 | D:1      | Reached XP level 1. HP: 18/18 MP: 1/1
    23 | D:1      | Reached skill level 2 in Long Blades
    36 | D:1      | Gained mutation: You regenerate a little health from kills. [demonic ancestry]
    36 | D:1      | Reached XP level 2. HP: 24/24 MP: 2/2
   151 | D:1      | Gained mutation: You regenerate health from kills. [demonic ancestry]
   151 | D:1      | Reached XP level 3. HP: 23/29 MP: 3/3
   479 | D:2      | Reached skill level 3 in Long Blades
   662 | D:2      | Gained mutation: You are surrounded by a mild repulsion field. (EV +2) [demonic ancestry]
   662 | D:2      | Reached XP level 4. HP: 28/37 MP: 4/4
   763 | D:2      | Found a blossoming altar of Fedhas.
   934 | D:2      | Found a shadowy altar of Dithmenos.
  1110 | D:3      | Noticed dobroeutro's ghost (weakling DsFi)
  1448 | D:3      | Found a transporter.
  1468 | D:3      | Found a transporter.
  1517 | D:3      | Found a glowing silver altar of Zin.
  1882 | D:3      | Killed dobroeutro's ghost
  1882 | D:3      | Reached skill level 4 in Long Blades
  1882 | D:3      | Gained mutation: You have large cloven feet. [demonic ancestry]
  1882 | D:3      | Reached XP level 5. HP: 42/42 MP: 5/5
  2090 | D:4      | Reached XP level 6. HP: 47/49 MP: 6/6
  2096 | D:4      | Reached skill level 5 in Long Blades
  2129 | D:4      | Reached skill level 5 in Fighting
  2233 | D:4      | Reached XP level 7. HP: 17/56 MP: 7/7
  2270 | D:4      | Reached skill level 6 in Long Blades
  2425 | D:4      | Found Zogris's Book Boutique.
  2595 | D:4      | Noticed Edmund
  2608 | D:4      | Killed Edmund
  2608 | D:4      | Reached skill level 7 in Long Blades
  2895 | D:5      | Entered Level 5 of the Dungeon
  2916 | D:5      | Reached XP level 8. HP: 61/64 MP: 8/8
  3017 | D:5      | Noticed Grinder
  3039 | D:5      | Killed Grinder
  3187 | D:5      | Reached skill level 8 in Long Blades
  3246 | D:5      | Noticed Eustachio
  3261 | D:5      | Killed Eustachio
  3680 | D:6      | Noticed Menkaure
  3993 | D:6      | Killed Menkaure
  3993 | D:6      | Reached skill level 9 in Long Blades
  4249 | D:6      | Found a staircase to the Ecumenical Temple.
  4260 | D:6      | Gained mutation: You have hoof-like feet. [demonic ancestry]
  4260 | D:6      | Reached XP level 9. HP: 58/72 MP: 9/9
  4268 | Temple   | Entered the Ecumenical Temple
  4350 | Temple   | Became a worshipper of Warmaster Okawaru
  4732 | D:6      | Reached skill level 1 in Dodging
  5741 | D:7      | Reached * piety under Okawaru
  5907 | D:7      | Reached ** piety under Okawaru
  5907 | D:7      | Reached skill level 10 in Long Blades
  6131 | D:8      | Noticed a two-headed ogre
  6488 | D:8      | Found Uruosmot's Antique Weapon Emporium.
  6553 | D:8      | Reached XP level 10. HP: 73/81 MP: 10/10
  6665 | D:8      | Found a staircase to the Lair.
  6691 | D:8      | Killed a two-headed ogre
  6691 | D:8      | Reached *** piety under Okawaru
  7214 | D:9      | Reached skill level 5 in Armour
  7270 | D:9      | Noticed Pikel
  7289 | D:9      | Killed Pikel
  7289 | D:9      | Reached **** piety under Okawaru
  7351 | D:9      | Noticed a two-headed ogre
  7358 | D:9      | Killed a two-headed ogre
  7358 | D:9      | Reached skill level 11 in Long Blades
  7722 | D:10     | Entered Level 10 of the Dungeon
  7733 | D:10     | Reached ***** piety under Okawaru
  7733 | D:10     | Reached XP level 11. HP: 63/89 MP: 11/11
  7816 | D:10     | Found a staircase to the Orcish Mines.
  7835 | D:10     | Reached skill level 5 in Dodging
  7898 | D:10     | Noticed a two-headed ogre
  7918 | D:10     | Killed a two-headed ogre
  8169 | D:10     | Noticed a two-headed ogre
  8177 | D:10     | Killed a two-headed ogre
  8261 | D:10     | Noticed Erica
  8270 | D:10     | Killed Erica
  8270 | D:10     | Received a gift from Okawaru
  8400 | D:10     | Found a shadowy altar of Dithmenos.
  8552 | D:11     | Noticed a cyan ugly thing
  8572 | D:10     | Killed a cyan ugly thing
  8633 | D:10     | Reached skill level 12 in Long Blades
  8811 | D:11     | Noticed a red ugly thing
  8823 | D:11     | Slain by a red ugly thing

Skill      XL: |  1  2  3  4  5  6  7  8  9 10 11 |
---------------+----------------------------------+-----
Long Blades    | 2 3 4 5 7 9 10 11 12 | 12.0
Fighting       | 4 5 6 7 8 9 |  9.8
Armour         | 4 5 6 |  6.5
Dodging        | 3 4 5 |  5.7
Shields        | |  2.6

Action                   |  1- 3 |  4- 6 |  7- 9 | 10-12 || total
-------------------------+-------+-------+-------+-------++-------
Melee: Long sword        |   111 |   198 |   413 |   331 ||  1053
       Kick              |       |    40 |   140 |   143 ||   323
       Unarmed           |       |       |    14 |       ||    14
       Scimitar          |       |       |       |    40 ||    40
Invok: Heroism           |       |       |       |     1 ||     1
 Abil: Evoke Berserk Rag |       |     1 |     4 |     8 ||    13
  Use: Scroll            |       |     3 |    12 |     8 ||    23
       Potion            |       |       |     1 |     1 ||     2
  Eat: Chunk             |       |     3 |     7 |    15 ||    25
       Ration            |       |     1 |     3 |     1 ||     5
Armor: Scale mail        |    66 |    96 |   124 |   102 ||   388
Dodge: Dodged            |    37 |    87 |   137 |   143 ||   404
Block: Shield            |    58 |   106 |   205 |   166 ||   535
       Rpst.: Long sword |    14 |    14 |    40 |    34 ||   102
       Scimitar          |       |       |       |     8 ||     8
